 Dungeon Crawl Stone Soup version 0.23.0-3-gf3c87f2 (webtiles) character file.

Game seed: 3277626468625420282

2107 SeriousVitamin the Arsonist (level 9, 0/45 HPs)
             Began as a Deep Elf Fire Elementalist on Feb 23, 2019.
             Succumbed to a water moccasin's poison
             ... on level 7 of the Dungeon.
             The game lasted 00:11:53 (6842 turns).

SeriousVitamin the Arsonist (DEFE)                  Turns: 6842, Time: 00:11:53

Health: 0/45       AC:  2    Str:  5    XL:     9   Next: 7%
Magic:  3/22       EV: 13    Int: 24    God:
Gold:   339        SH:  0    Dex: 15    Spells: 15/23 levels left

rFire    . . .     SeeInvis .   l - +2 dagger (venom)
rCold    . . .     Gourm    .   (no shield)
rNeg     . . .     Faith    .   a - +0 robe
rPois    .         Spirit   .   (no helmet)
rElec    .         Reflect  .   (no cloak)
rCorr    .         Harm     .   (no gloves)
MR       .....                  (no boots)
Stlth    ++........             (no amulet)
HPRegen  0.15/turn              (no ring)
MPRegen  0.18/turn              (no ring)

@: lethally poisoned (0 -> -12), hasted, very quick
A: no striking features
a: no special abilities


You were on level 7 of the Dungeon.
You were not hungry.

You visited 2 branches of the dungeon, and saw 8 of its levels.

You collected 339 gold pieces.

Inventory:

Hand Weapons
 l - a +2 dagger of venom (weapon)
Armour
 a - a +0 robe (worn)
Jewellery
 u - a +5 ring of dexterity {unknown}
Wands
 o - a wand of flame (21)
Scrolls
 e - a scroll of fog {unknown}
 f - 2 scrolls of amnesia {unknown}
 g - 2 scrolls of noise {unknown}
 h - 4 scrolls of enchant armour {unknown}
 j - 7 scrolls of remove curse {unknown}
 k - 3 scrolls of magic mapping {unknown}
 m - 2 scrolls of random uselessness {unknown}
 p - a scroll of fear {unknown}
 q - a scroll of immolation {unknown}
 s - a scroll of teleportation {unknown}
Potions
 b - 2 potions of haste
 i - a potion of brilliance
 n - a potion of agility {unknown}
 r - a potion of resistance {unknown}
Comestibles
 c - 8 rations


   Skills:
 - Level 2.4 Dodging
 - Level 2.4 Stealth
 + Level 7.6 Spellcasting
 * Level 8.3 Conjurations
 * Level 9.0 Fire Magic


You had 15 spell levels left.
You knew the following spells:

 Your Spells              Type           Power        Failure   Level  Hunger
a - Flame Tongue          Conj/Fire      #####        1%          1    None
c - Conjure Flame         Conj/Fire      ######..     1%          3    None
e - Sticky Flame          Conj/Fire      ######..     1%          4    ###....

Your spell library contained the following spells:

 Spells                   Type           Power        Failure   Level  Hunger
 Throw Flame              Conj/Fire      ######       1%          2    None
 Dazzling Spray           Conj/Hex       ####..       3%          3    None
 Inner Flame              Hex/Fire       ####....     3%          3    None
 Fireball                 Conj/Fire      ######....   5%          5    #####..
 Corona                   Hex            #......      7%          1    None
 Ensorcelled Hibernation  Hex/Ice        #.....       11%         2    None
 Confuse                  Hex            #.......     21%         3    None
 Tukima's Dance           Hex            #.......     21%         3    None


Dungeon Overview and Level Annotations

Branches:
Dungeon (7/15)             Temple (1/1) D:4

Altars:
Cheibriados
Dithmenos
Elyvilon
Fedhas
Gozag
Hepliaklqana
Kikubaaqudgha
Makhleb
Nemelex Xobeh
Okawaru
Qazlal
Ru
Sif Muna
Trog
Uskayaw
Wu Jian
Xom
Yredelemnul
Zin
The Shining One


Message History

You kill the ball python!
The orc wizard hits you with a +1 dagger of electrocution.
* * * LOW HITPOINT WARNING * * *
The gnoll closely misses you. The water moccasin bites you.
* * * LOW HITPOINT WARNING * * *
The orc wizard points at you and mumbles some strange words.
You easily resist.
The water moccasin barely misses you.
* * * LOW HITPOINT WARNING * * *
You feel sick.
The orc wizard casts a spell.
The orc wizard blinks!
The water moccasin closely misses you.
* * * LOW HITPOINT WARNING * * *
You feel sick.
You open the door. The water moccasin bites you.
* * * LOW HITPOINT WARNING * * *
You are more poisoned.
The water moccasin poisons you!
Found 3 rations. 2 hogs, 2 yaks and a human come into view.
You die...

#o# #g#
#.####
#....####
#.s.....#
####.##.##.#
##..So# .#
#.....# .
##@#### ##
#..#h.#
#..#.Y#
#..'..#
#%p#.h#
#%%#Y.#
#######


You could see 2 yaks, 2 hogs, a human (sleeping), a water moccasin, a scorpion
and an orc wizard.

Vanquished Creatures
  Grinder (D:3)
  A yak (D:6)
  Duvessa (D:4)
  Purgy (D:3)
  A phantom (D:6)
  An orc warrior (D:7)
  4 ogres (D:6)
  2 bullfrogs (D:6)
  A gnoll sergeant (D:5)
  Dowan (D:4)
  A scorpion (D:6)
  A crimson imp (D:6)
  3 orc priests
  7 orc wizards
  2 iguanas (D:4)
  2 worker ants
  2 hound zombies (D:6)
  9 gnolls
  9 adders
  An adder zombie (D:7)
  An adder skeleton (D:5)
  3 worms
  4 dart slugs
  7 leopard geckos
  16 orcs
  3 ball pythons
  4 giant cockroaches
  5 goblins
  4 hobgoblins
  2 jackals (D:2)
  4 quokkas
  2 bats (D:1)
  5 frilled lizards
  2 jackal skeletons (D:4)
  6 kobolds
  6 rats
125 creatures vanquished.

Notes
Turn   | Place    | Note
-------+----------+-------------------------------------------
     0 | D:1      | SeriousVitamin the Deep Elf Fire Elementalist began the
                  | quest for the Orb.
     0 | D:1      | Reached XP level 1. HP: 10/10 MP: 6/6
   378 | D:1      | Reached XP level 2. HP: 15/15 MP: 4/8
   771 | D:2      | Reached XP level 3. HP: 15/19 MP: 2/9
   922 | D:2      | Reached skill level 4 in Fire Magic
  1255 | D:2      | Found an opulent altar of Gozag.
  1938 | D:3      | Reached XP level 4. HP: 24/24 MP: 8/11
  2216 | D:3      | Noticed Grinder
  2224 | D:3      | Killed Grinder
  2224 | D:3      | Reached skill level 5 in Fire Magic
  2224 | D:3      | Reached XP level 5. HP: 10/28 MP: 4/14
  2224 | D:3      | Reached XP level 6. HP: 12/32 MP: 4/15
  2577 | D:3      | Noticed Purgy
  2587 | D:3      | Killed Purgy
  2592 | D:3      | Learned a level 3 spell: Conjure Flame
  2597 | D:3      | Learned a level 4 spell: Sticky Flame
  2608 | D:3      | Found a burning altar of Makhleb.
  2608 | D:3      | Found a deep blue altar of Sif Muna.
  2609 | D:3      | Found a hide-covered altar of Uskayaw.
  2687 | D:4      | Found a hazy altar of Hepliaklqana.
  2733 | D:4      | Reached skill level 5 in Spellcasting
  2740 | D:4      | Reached skill level 6 in Fire Magic
  2858 | D:4      | Reached skill level 5 in Conjurations
  2861 | D:4      | Reached XP level 7. HP: 23/36 MP: 5/16
  3115 | D:4      | Found a staircase to the Ecumenical Temple.
  3135 | Temple   | Entered the Ecumenical Temple
  3609 | D:4      | Noticed Duvessa
  3609 | D:4      | Noticed Dowan
  3621 | D:4      | Killed Duvessa
  3638 | D:4      | Killed Dowan
  4282 | D:5      | Entered Level 5 of the Dungeon
  4532 | D:5      | Reached skill level 7 in Fire Magic
  5107 | D:5      | Reached XP level 8. HP: 32/41 MP: 2/19
  5676 | D:6      | Found a stormy altar of Qazlal.
  5793 | D:6      | Noticed an angel
  5794 | D:6      | Found a glowing silver altar of Zin.
  6112 | D:6      | Reached skill level 8 in Fire Magic
  6790 | D:7      | Reached XP level 9. HP: 45/45 MP: 13/22
  6818 | D:7      | Reached skill level 9 in Fire Magic
  6841 | D:7      | HP: 1/45 [water moccasin (4)]
  6842 | D:7      | Succumbed to a water moccasin's poison

Skill      XL: |  1  2  3  4  5  6  7  8  9 |
---------------+----------------------------+-----
Conjurations   | 2 4 5 6 8 |  8.3
Fire Magic     | 4 5 6 7 8 9 |  9.0
Spellcasting   | 4 5 6 7 |  7.6
Dodging        | |  2.4
Stealth        | |  2.4

Action                   |  1- 3 |  4- 6 |  7- 9 || total
-------------------------+-------+-------+-------++-------
Melee: Dagger            |    13 |       |    23 ||    36
 Cast: Flame Tongue      |    65 |    64 |   210 ||   339
       Conjure Flame     |       |       |     2 ||     2
       Sticky Flame      |       |       |     6 ||     6
  Use: Scroll            |       |       |     5 ||     5
       Potion            |       |       |     7 ||     7
  Eat: Chunk             |     2 |     4 |    12 ||    18
Armor: Robe              |     4 |     1 |     6 ||    11
Dodge: Dodged            |    25 |    20 |    65 ||   110
